 Dungeon Crawl Stone Soup version 0.29-a0-284-gf9362112df (webtiles) character file.

Game seed: 8435006215781661637

142 spaghetti the Grave Robber (level 5, -2/34 HPs)
             Began as an Octopode Necromancer on Mar 22, 2022.
             Slain by an orc
             ... wielding a +0 whip
              (4 damage)
             ... on level 3 of the Dungeon.
             The game lasted 00:03:49 (3170 turns).

spaghetti the Grave Robber (Octopode Necromancer)   Turns: 3170, Time: 00:03:49

Health: -2/34      AC:  1    Str:  7 (8)  XL:     5   Next: 24%
Magic:  7/11       EV: 13    Int: 17 (19) God:
Gold:   53         SH:  0    Dex: 12 (14) Spells: 7/12 levels left

rFire   . . .      SeeInvis .   u - +0 dagger (pain) {short}
rCold   . . .      Faith    .   (no shield)
rNeg    . . .      Spirit   .   (helmet restricted)
rPois   .          Reflect  .   (no amulet)
rElec   .          Harm     .   (no ring)
rCorr   .          Rampage  .   (no ring)
Will    .....      Clarity  +   (no ring)
Stlth   +++.......              (no ring)
HPRegen 0.11/turn               (no ring)
MPRegen 0.12/turn               (no ring)
                                (no ring)
                                (no ring)

@: mighty, hasted, invisible, very quick
A: almost no armour, amphibious, 8 rings, camouflage 1, gelatinous body 1,
(nimble swimmer 1), tentacles, agile 1, clarity, sense surroundings 1, robust 1
a: no special abilities


You were on level 3 of the Dungeon.
You visited 1 branch of the dungeon, and saw 3 of its levels.

You collected 53 gold pieces.


Innate Abilities, Weirdness & Mutations

You cannot wear most types of armour.
You are amphibious.
You can wear up to eight rings at the same time.
Your skin changes colour to match your surroundings (Stealth+).
Your rubbery body absorbs attacks. (AC +1, EV +1)
((You are camouflaged when in or above water. (Stealth+)))
You have tentacles for arms and can constrict up to eight enemies at once.
You are agile. (Dex +2)
You possess an exceptional clarity of mind.
You passively map a small area around you.
You are robust. (+10% HP)


   Skills:
 + Level 1.8 Short Blades
 - Level 2.0 Dodging
 - Level 2.6 Stealth
 + Level 4.0 Spellcasting
 + Level 4.5 Necromancy


You had 7 spell levels left.
You knew the following spells:

 Your Spells              Type           Power      Damage    Failure   Level
a - Pain                  Necr           72%        1d7       2%          1
b - Animate Dead          Necr           9%         N/A       24%         4

Your spell library contained the following spells:

 Spells                   Type           Power      Damage    Failure   Level
 Animate Skeleton         Necr           36%        N/A       2%          1
 Vampiric Draining        Necr           18%        2d7       8%          3
 Scorch                   Fire           6%         2d5       24%         2
 Agony                    Necr           18%        N/A       56%         5
 Flame Wave               Conj/Fire      3%         2d4       83%         4
 Summon Cactus Giant      Summ           1%         N/A       100%        6

Inventory:

Hand Weapons
 u - a +0 dagger of pain (weapon) {short}
   (You took it off a goblin on level 2 of the Dungeon)
Missiles
 b - 6 poisoned darts {throwing}
 c - 163 stones {throwing}
 g - 5 silver javelins {throwing}
Scrolls
 f - 2 scrolls of brand weapon {unknown}
 m - 2 scrolls of teleportation {unknown}
 n - 2 scrolls of noise {unknown}
 o - a scroll of identify {unknown}
 p - a scroll of enchant weapon {unknown}
Potions
 a - a potion of magic
 s - a potion of curing {unknown}

Dungeon Overview and Level Annotations

Branches:
Dungeon (3/15)

Altars:

* * ############
#..........#
#..........#
####...)......# *
#####....oo)......#,
#.........@........ *
* #...............≈≈≈
, #..............####
*
########........##.#
...............≈≈##..
≈≈ ≈
**########.......≈≈#
.. ,
#######......≈≈≈#####
,
.............≈≈≈≈≈≈≈#
#######.#....≈≈≈≈≈≈≈#


You could see 2 orcs.


Message History

You lost 1 mp, and now have 8/9 mp.
The orc barely resists.
The orc writhes in agony.
You hit the orc but do no damage.
The orc writhes in agony.
You kill the orc!
The orc wizard gestures at you while chanting.
You resist with some effort.
You have reached level 5!
You feel stronger. 😕 HP[+1] MP[-2]
You now have 31 max hp (+4).
You lost 2 mp, and now have 6/10 mp.
The orc wizard writhes in agony.
An orc comes into view. It is wielding a +0 whip.
The orc wizard gestures at you while chanting.
The magic dart hits you. 😮 HP[-6] MP[-1]
You take 6 damage, and now have 21/31 hp.
You lost 1 mp, and now have 5/10 mp.
You are too injured to fight recklessly!
You are too injured to fight recklessly!
You are too injured to fight recklessly!
You are too injured to fight recklessly!
You are too injured to fight recklessly!
You are too injured to fight recklessly!
You are too injured to fight recklessly!
You are too injured to fight recklessly!
You are too injured to fight recklessly!
You are too injured to fight recklessly!
You are too injured to fight recklessly!
You are too injured to fight recklessly!
You are too injured to fight recklessly!
Unknown command.
An orc comes into view. It is wielding a +0 dagger.
The orc closely misses you.
Things that are here:
a +0 dagger {short}; a +0 leather armour; an orc corpse The orc shouts! x2
You hit the orc.
The orc writhes in agony.
You kill the orc!
The orc wizard misses you.
You hit the orc wizard but do no damage.
The orc wizard writhes in agony.
Your grab misses the orc wizard. Your squeeze misses the orc wizard.
The orc wizard gestures at you while chanting.
The magic dart hits you!
* * * LOW HITPOINT WARNING * * *
😨 HP[-9]
You take 9 damage, and now have 12/31 hp.
MASSIVE DAMAGE!! (PAUSE)
You hit the orc wizard but do no damage.
The orc wizard writhes in agony.
You grab the orc wizard. You constrict the orc wizard.
The orc wizard casts a spell at you.
You are confused. 😨 MP[+1]
You hit the orc wizard but do no damage.
The orc wizard writhes in agony.
You kill the orc wizard!
Your Spellcasting skill increases to level 4!
It was a potion of invisibility.
You fade into invisibility!
It was a potion of mutation.
You feel extremely strange.
You feel robust.
You feel agile.
You feel a strange attunement to the structure of the dungeons.
Your thoughts seem clearer.
The orc barely misses you.
You now have 34 max hp (+3).
You closely miss the orc. You squeeze the orc.
The orc hits you with a +0 dagger.
* * * LOW HITPOINT WARNING * * *
The orc completely misses you. 😨 HP[-3]
You take 3 damage, and now have 9/34 hp.
Things that are here:
a +0 dagger of draining {short}; a +0 robe The orc hits you with a +0 dagger.
* * * LOW HITPOINT WARNING * * *
The orc misses you. The orc closely misses you.
You feel less confused. The orc hits you with a +0 whip.
* * * LOW HITPOINT WARNING * * *
😱 HP[-5] MP[+1]
You take 5 damage, and now have 4/34 hp.
It was a potion of degeneration.
There was something very wrong with that liquid.
You feel weakened.
You feel dopey.
You feel clumsy. The orc barely misses you. The orc hits you with a +0 dagger.
* * * LOW HITPOINT WARNING * * *
😱 HP[-1]
You take 1 damage, and now have 3/34 hp.
It was a potion of might.
You feel very mighty all of a sudden. The orc misses you.
The orc hits you with a +0 dagger.
* * * LOW HITPOINT WARNING * * *
😱 HP[-1]
You take 1 damage, and now have 2/34 hp.
It was a potion of haste.
You feel yourself speed up. The orc closely misses you.
The orc hits you with a +0 whip.
You die...

Skill      XL: |  1  2  3  4  5 |
---------------+----------------+-----
Spellcasting   | 3 4 |  4.0
Short Blades   | 1 |  1.8
Dodging        | |  2.0
Stealth        | |  2.6
Necromancy     | |  4.5

Action                   |  1- 3 |  4- 6 || total
-------------------------+-------+-------++-------
Melee: Unarmed           |    17 |       ||    17
       Tentacles         |    11 |     5 ||    16
       Constrict         |    10 |     8 ||    18
       Dagger            |     3 |    26 ||    29
       Whip              |     2 |       ||     2
       Punch             |     2 |       ||     2
 Cast: Pain              |    48 |    16 ||    64
  Use: Scroll            |       |     2 ||     2
       Potion            |       |     5 ||     5
Armor: Skin              |     1 |     1 ||     2
Dodge: Dodged            |     7 |    29 ||    36

Levels and vault maps discovered:
D:1:      elethiomel_arrival_fortress_basement, layout_loops_cross,
          chequers_serial_rivers_micro_d, hex_large, hangedman_decor_riveting,
          minmay_misc_feat_tower
D:2:      layout_basic
D:3:      minmay_razor_zed, layout_basic, ebering_ecumenical_altar_sacrificial,
          grunt_decor_junction, nicolae_grassy_gnolls

Notes
Turn   | Place    | Note
-------+----------+-------------------------------------------
     0 | D:1      | spaghetti the Octopode Necromancer began the quest for the
                  | Orb.
     0 | D:1      | Reached XP level 1. HP: 11/11 MP: 3/3
     0 | D:1      | magus.rc [v1.9.6]
   264 | D:1      | Reached XP level 2. HP: 7/17 MP: 1/5
   268 | D:1      | You pick up a book of Scorching and begin reading...
   268 | D:1      | You add the spells Scorch, Flame Wave and Summon Cactus
                  | Giant to your library.
   815 | D:1      | Reached skill level 3 in Spellcasting
  1445 | D:2      | Reached XP level 3. HP: 20/21 MP: 7/7
  2215 | D:3      | HP: 3/21 [iguana (14)]
  2217 | D:3      | Reached XP level 4. HP: 4/27 MP: 4/9
  2603 | D:3      | Reached skill level 1 in Short Blades
  2656 | D:3      | HP: 4/27 [orc priest/divine providence (9)]
  3101 | D:3      | Learned a level 4 spell: Animate Dead
  3155 | D:3      | Reached XP level 5. HP: 27/31 MP: 6/10
  3161 | D:3      | Reached skill level 4 in Spellcasting
  3162 | D:3      | Gained mutation: You are robust. (+10% HP) [potion of
                  | mutation]
  3162 | D:3      | Gained mutation: You are agile. (Dex +2) [potion of
                  | mutation]
  3162 | D:3      | Gained mutation: You passively map a small area around you.
                  | [potion of mutation]
  3162 | D:3      | Gained mutation: You possess an exceptional clarity of
                  | mind. [potion of mutation]
  3167 | D:3      | HP: 4/34 [orc/+0 whip (5)]
  3170 | D:3      | Slain by an orc

Vanquished Creatures
  An orc priest (D:3)
  An iguana (D:3)
  An orc wizard (D:3)
  A dart slug (D:2)
  6 orcs
  4 endoplasms
  2 giant cockroaches
  7 goblins
  8 hobgoblins
  2 jackals (D:2)
  3 quokkas
  5 ball pythons
  3 bats
  2 frilled lizards
  3 kobolds
  5 rats
54 creatures vanquished.

Table legend:
 A = Non-vault XP
 B = Vault XP
 C = Vault XP percentage of total XP
 D = Non-vault monster count
 E = Vault monster count
 F = Vault count percentage of total count
                 A         B        C        D         E       F
            +---------+---------+-------+---------+---------+-------
      Total |     201 |       2 |   1.0 |      53 |       1 |   1.9
            +---------+---------+-------+---------+---------+-------
        D:1 |      31 |       2 |   6.1 |      20 |       1 |   4.8
        D:2 |      43 |       0 |   0.0 |      22 |       0 |   0.0
        D:3 |     127 |       0 |   0.0 |      11 |       0 |   0.0
            +---------+---------+-------+---------+---------+-------

Illustrated notes

Table legend:
 A = Kills in this place as a percentage of kills in entire the game.
 B = Kills by you in this place as a percentage of kills by you in the entire game.
 C = Kills by friends in this place as a percentage of kills by friends in the entire game.
 D = Other kills in this place as a percentage of other kills in the entire game.
 E = Experience gained in this place as a percentage of experience gained in the entire game.
 F = Experience gained in this place divided by the number of levels of this place that you have seen.
                   A       B       C       D       E      F
               +-------+-------+-------+-------+-------+----------------------
         Total | 100.0 | 100.0 |   N/A |   N/A | 100.0 |  67.7
       Dungeon | 100.0 | 100.0 |   N/A |   N/A | 100.0 |  67.7
               +-------+-------+-------+-------+-------+----------------------

Table legend: (Time is in decaauts)
 A = Elapsed time spent in this place.
 B = Non-inter-level travel time spent in this place.
 C = Inter-level travel time spent in this place.
 D = Time resting spent in this place.
 E = Time spent auto-exploring this place.
 F = Levels seen in this place.
 G = Mean time per level.
                   A        B        C        D        E       F      G
               +--------+--------+--------+--------+--------+-----+--------+
         Total |   3172 |   3135 |     37 |    983 |   1817 |   3 | 1057.3 |
       Dungeon |   3172 |   3135 |     37 |    983 |   1817 |   3 | 1057.3 |
               +--------+--------+--------+--------+--------+-----+--------+

Top non-repeatable levels by time:
     D:2: 1467 daAuts
     D:1: 1433 daAuts
     D:3: 272 daAuts
